[Event "7° Rencontres Internationales des Echecs Francophones"]
[Site "PARIS, France"]
[Date "2019.08.04"]
[Round "1.2"]
[White "David, A."]
[Black "Randrianarimanana, A."]
[Result "1-0"]
[TimeControl "90'+ 30' + 30seconds/move"]
[WhiteElo "2534"]
[BlackElo "1794"]

1. e4 c5 2. Nf3 Nf6 3. d3 e6 4. g3 d5 5. Qe2 Be7 6. Bg2 Nc6 7. O-O O-O 8. e5 Nd7 9. c4 Rb8 10.
h4 d4 11. Bf4 Qc7 12. Nbd2 b5 13. cxb5 Rxb5 14. Nc4 Ba6 15. Rac1 Rfb8 16. b3 Nb4 17. Ng5 h6 18. Ne4 Nd5 19.
Ned6 Nxf4 20. gxf4 Rb4 21. Kh1 Bxc4 22. Nxc4 Bxh4 23. Qh5 Be7 24. Rg1 f5 25. Bf3 Kh8 26. Rxg7 Kxg7 27. Rg1+ Kf8 28.
Qg6 Bg5 29. fxg5 Rxc4 30. gxh6 1-0

[Event "7° Rencontres Internationales des Echecs Francophones"]
[Site "PARIS, France"]
[Date "2019.08.05"]
[Round "2.3"]
[White "Shchekachev, Andrei"]
[Black "Le Pen, Steven"]
[Result "1-0"]
[TimeControl "90'+ 30' + 30seconds/move"]
[WhiteTitle "GM"]
[WhiteFideId "4107730"]
[BlackFideId "612197"]
[WhiteElo "2530"]
[BlackElo "2092"]

1. Nf3 c5 2. c4 Nc6 3. d4 cxd4 4. Nxd4 Nf6 5. Nc3 e6 6. g3 Qb6 7. Ndb5 Ne5 8. Bg2 a6 9. Qa4 Rb8 10.
Na3 Be7 11. O-O O-O 12. Bf4 d6 13. Qb3 Qc7 14. c5 Qxc5 15. Be3 Qc7 16. Bb6 Qd7 17. Rfd1 Bd8 18. Ba7 Ra8 19. Bd4 Nc6 20.
Bxf6 Bxf6 21. Bxc6 Qxc6 22. Rac1 Bd7 23. Nd5 Qa4 24. Nxf6+ gxf6 25. Qf3 Bc6 26. Qe3 Qe4 27. Qxe4 Bxe4 28.
Nc4 Rac8 29. Nxd6 Rxc1 30. Rxc1 Bc6 31. Kf1 Rd8 32. Nc4 Bd5 33. Rd1 Bg2+ 34. Ke1 Rxd1+ 35. Kxd1 Bd5 36. Nd2 f5 37.
Kc2 Kf8 38. Kc3 Ke7 39. a4 Kd6 40. Kb4 b6 41. a5 Kc6 42. f3 e5 43. f4 f6 44. e3 b5 45. Kc3 Kc5 46. b4+ Kd6 47.
Kd3 Ke6 48. fxe5 fxe5 49. e4 Ba2 50. Ke3 h5 51. h3 Kf6 52. exf5 Kxf5 53. Ne4 Be6 54. Nc5 Bc8 55. g4+ hxg4 56.
hxg4+ Kf6 57. Kf3 Kg5 58. Ke4 Kxg4 59. Kxe5 Kf3 60. Kd6 Ke3 61. Kc7 Bh3 62. Nxa6 Kd4 63. Nb8 Ke5 1-0

[Event "7° Rencontres Internationales des Echecs Francophones"]
[Site "PARIS, France"]
[Date "2019.08.05"]
[Round "2.4"]
[White "Toulzac, Pierre-Yves"]
[Black "Mastrovasilis, Athanasios"]
[Result "1/2-1/2"]
[TimeControl "90'+ 30' + 30seconds/move"]
[WhiteTitle "FM"]
[BlackTitle "GM"]
[WhiteFideId "604720"]
[BlackFideId "4201990"]
[WhiteElo "2096"]
[BlackElo "2518"]

1. d4 Nf6 2. c4 e6 3. Nf3 d5 4. Nc3 Nbd7 5. cxd5 exd5 6. Bg5 c6 7. e3 h6 8. Bh4 Be7 9. Qc2 Nh5 10.
Bxe7 Qxe7 11. O-O-O Nhf6 12. Kb1 Nb6 13. Ne5 Ng4 14. Nxg4 Bxg4 15. f3 Be6 16. Na4 Nxa4 17. Qxa4 Bf5+ 18.
Bd3 Bxd3+ 19. Rxd3 O-O 20. Qc2 Rae8 21. Ra3 a6 22. Rb3 f5 23. g3 Rf6 24. Re1 Qf7 25. Rd1 Rfe6 26. Rdd3 R8e7 27.
a3 Qh5 28. Qg2 g5 29. Ka2 Kh7 30. Rb6 Qf7 31. Qd2 c5 32. Rxe6 Qxe6 33. Qa5 c4 34. Rc3 Qd6 35. f4 b5 36.
Qb4 Qxb4 37. axb4 Kg6 38. Ra3 Re6 39. Kb1 Kf7 40. Kc1 Ke7 41. Kd2 Kd7 42. Ra1 gxf4 43. exf4 Re4 44. Rxa6 Rxd4+ 45. Kc1 Re4 46. Rf6 Re2 47. Rxf5 Ke6 48. Rh5 d4 49. Rxb5 Rxh2 50. Rc5 Rh1+ 51. Kd2 Rh2+ 52. Kc1 Rh1+ 53.
Kd2 Rh2+ 54. Kc1 Ke5 1/2-1/2

[Event "7° Rencontres Internationales des Echecs Francophones"]
[Site "PARIS, France"]
[Date "2019.08.08"]
[Round "5.10"]
[White "Ek, Alexandre"]
[Black "Prie, Eric"]
[Result "1/2-1/2"]
[TimeControl "90'+ 30' + 30seconds/move"]
[BlackTitle "GM"]
[WhiteFideId "632570"]
[BlackFideId "600172"]
[WhiteElo "2188"]
[BlackElo "2439"]

1. e4 d5 2. exd5 Qxd5 3. Nc3 Qa5 4. d4 Nf6 5. Nf3 Bf5 6. Ne5 c6 7. Bc4 e6 8. g4 Bg6 9. h4 Nbd7 10.
Nxd7 Nxd7 11. h5 Be4 12. O-O Bd5 13. Nxd5 cxd5 14. Bd3 g6 15. h6 Bd6 16. a4 O-O-O 17. Bd2 Qc7 18. a5 Kb8 19.
a6 b6 20. Rc1 Bf4 21. c4 Bxd2 22. Qxd2 dxc4 23. Rxc4 Qd6 24. Rfc1 Rc8 25. Qe3 f5 26. gxf5 Rxc4 27. Rxc4 gxf5 28. Bxf5 Rg8+ 29. Kf1 b5 30. Qxe6 Qxe6 31. Bxe6 Rg6 32.
Rc6 Nb6 33. d5 Rxh6 34. d6 Rxe6 35. d7 Rxc6 36. d8=Q+ Nc8 37. Qd5 Rxa6 38. Qxb5+ Rb6 39. Qe5+ Kb7 40. f4 Nd6 41. f5 Kc6 42.
f6 Rb5 43. Qe6 Rb4 44. Kg1 Rf4 45. Qe5 Rf3 46. b4 a6 47. Qc5+ Kd7 48. Qe5 Ke8 1/2-1/2

[Event "7° Rencontres Internationales des Echecs Francophones"]
[Site "PARIS, France"]
[Date "2019.08.09"]
[Round "6.9"]
[White "Dardha, Daniel"]
[Black "Ralison, Milanto Harifidy"]
[Result "1/2-1/2"]
[TimeControl "90'+ 30' + 30seconds/move"]
[WhiteTitle "FM"]
[BlackTitle "FM"]
[WhiteFideId "240990"]
[BlackFideId "13100351"]
[WhiteElo "2424"]
[BlackElo "2277"]

1. c4 Nf6 2. Nc3 d5 3. cxd5 Nxd5 4. Nf3 g6 5. e4 Nb6 6. d4 Bg7 7. h3 O-O 8. Be3 Nc6 9. Bb5 Na5 10.
Be2 Nac4 11. Bc1 e5 12. d5 Nd6 13. Bg5 f6 14. Bh4 Qe8 15. O-O f5 16. Nd2 fxe4 17. Bg3 Bf5 18. Re1 Qf7 19.
Qb3 a5 20. a4 Nd7 21. Nc4 Nc5 22. Qa3 b6 23. Nxe5 Qe7 24. Nc4 h5 25. Nb5 Nxb5 26. axb5 h4 27. Bh2 Bd4 28. Rf1 Qg5 29.
Rae1 Rae8 30. Kh1 Nd3 31. Bxd3 exd3 32. Ne3 d2 33. Re2 Bxh3 34. gxh3 Bxe3 35. Qd3 Qh5 36. Rg1 Qf3+ 37. Rg2 Rf5 38.
fxe3 Rxe3 39. Qxd2 Qf1+ 40. Bg1 Rxh3+ 41. Rh2 Rg3 42. Reg2 Rfg5 43. Rxg3 Rxg3 44. Qf2 Rxg1+ 45. Qxg1 1/2-1/2

[Event "7° Rencontres Internationales des Echecs Francophones"]
[Site "PARIS, France"]
[Date "2019.08.09"]
[Round "6.6"]
[White "Eden, James"]
[Black "David, Alberto"]
[Result "1/2-1/2"]
[TimeControl "90'+ 30' + 30seconds/move"]
[WhiteTitle "IM"]
[BlackTitle "GM"]
[WhiteFideId "666491"]
[BlackFideId "4000013"]
[WhiteElo "2338"]
[BlackElo "2534"]

1. e4 c6 2. d4 d5 3. Nc3 g6 4. Be3 Bg7 5. Qd2 dxe4 6. Nxe4 Nd7 7. O-O-O Ngf6 8. Nxf6+ Nxf6 9. f3 Be6 10.
Kb1 Nd5 11. Bh6 Bxh6 12. Qxh6 Qb6 13. Qd2 O-O-O 14. Bc4 Nc7 15. Bxe6+ Nxe6 16. Ne2 Nxd4 17. Nxd4 e5 18. Qg5 exd4 19.
Qf6 Rhf8 20. Rhe1 c5 21. Qg7 Qc7 22. Qxh7 Rh8 23. Qg7 Rxh2 24. Re2 Qd7 25. Qf6 Rh5 26. g4 Rd5 27. Re7 Rd6 28.
Qxf7 Qc6 29. b3 Rf6 30. Rc7+ Qxc7 31. Qxf6 Qd6 32. Qxd6 Rxd6 33. c3 Rf6 34. cxd4 Rxf3 35. dxc5 Rf4 36.
Rg1 Kc7 37. a3 g5 38. Rg3 Kc6 39. b4 a5 40. bxa5 Kxc5 41. Rb3 Kc6 42. Rb6+ Kc7 43. Rb4 Rf1+ 44. Kc2 Rg1 45. Kd2 Rg3 46.
Ke2 Rxa3 47. Rb5 Kd6 48. Rxg5 Rb3 49. Kf2 Ke6 50. Rf5 b6 51. axb6 Rxb6 52. Kg3 Rb8 53. Kf4 Ra8 54. Kg3 Rg8 55.
Rf4 Ke5 56. Kf3 Ke6 57. Kg3 Ke5 58. Rf1 Ke6 59. Rf2 Ke5 60. Rf4 Ke6 61. Kh4 Ke5 62. Rf7 Ke6 63. Rf5 Rh8+ 64. Rh5 Rg8 65.
Rf5 Ke5 1/2-1/2

[Event "7° Rencontres Internationales des Echecs Francophones"]
[Site "PARIS, France"]
[Date "2019.08.10"]
[Round "7.6"]
[White "Rakotomaharo, Fy Antenaina"]
[Black "Dudognon, Thibault"]
[Result "1-0"]
[TimeControl "90'+ 30' + 30seconds/move"]
[WhiteTitle "IM"]
[BlackTitle "FM"]
[WhiteFideId "13100050"]
[BlackFideId "20675569"]
[WhiteElo "2438"]
[BlackElo "2272"]

1. d4 d5 2. c4 c6 3. Nc3 Nf6 4.
Nf3 dxc4 5. a4 Bf5 6. e3 e6 7. Bxc4 Bb4 8. O-O Nbd7 9. Qe2 Bg6 10. Rd1 O-O 11. h3 Qe7 12. Bd2 e5 13.
Nh4 exd4 14. Nxg6 hxg6 15. exd4 Qxe2 16. Bxe2 a5 17. Bc4 Nb6 18. Bb3 Rfe8 19. g4 Rad8 20. g5 Nfd5 21. Re1 Kf8 22.
Rxe8+ Rxe8 23. Kg2 f5 24. Rh1 Nc7 25. Rd1 Ncd5 26. h4 Rd8 27. Kf3 Ne7 28. Bf4 Nbd5 29. Nxd5 Nxd5 30. Be5 Bd6 31.
Bxd5 Bxe5 32. dxe5 cxd5 33. Ke3 Ke7 34. Rc1 Rh8 35. Rc7+ Ke6 36. f4 Rxh4 37. Rxg7 d4+ 38. Kf3 Rh3+ 39.
Kg2 Rb3 40. Rxg6+ Kd5 41. Rd6+ Ke4 42. g6 Rxb2+ 43. Kg3 Rb1 44. e6 Rg1+ 45. Kf2 Rxg6 46. e7 Rxd6 47. e8=Q+ Kxf4 48. Qe7 Rd5 49.
Qe6 Re5 50. Qd7 Ke4 51. Ke2 Rd5 52. Qe7+ Re5 53. Qxb7+ Rd5 54. Qe7+ Re5 55. Qd8 f4 56. Kd2 Rd5 57. Qe7+ Re5 58.
Qa3 Rd5 59. Qd3+ Ke5 60. Qe2+ Kf5 61. Kd3 Re5 62. Qg2 Kf6 63. Kxd4 Rf5 64. Qf3 Kg5 65. Ke4 Rf6 66. Qg2+ Kh6 67.
Kf3 Rf5 68. Qg8 Rg5 69. Qe6+ Rg6 70. Qh3+ Kg5 71. Qg4+ Kf6 72. Qxf4+ Ke6 73. Qc4+ Kd5 74. Ke4+ 1-0

[Event "7° Rencontres Internationales des Echecs Francophones"]
[Site "PARIS, France"]
[Date "2019.08.11"]
[Round "8.6"]
[White "Aloma Vidal, Robert"]
[Black "Macon, Arthur"]
[Result "1/2-1/2"]
[TimeControl "90'+ 30' + 30seconds/move"]
[WhiteTitle "IM"]
[BlackTitle "FM"]
[WhiteFideId "2260409"]
[BlackFideId "20654707"]
[WhiteElo "2419"]
[BlackElo "2279"]

1. e4 c6 2. Nc3 d5 3. Nf3 dxe4 4. Nxe4 Nf6 5. Nxf6+ exf6 6. Bc4 Bd6 7. Qe2+ Qe7 8. Qxe7+ Kxe7 9.
O-O Rd8 10. Re1+ Kf8 11. h3 Nd7 12. d4 Nb6 13. Bd3 h6 14. c4 Bb4 15. Re2 Be6 16. b3 Be7 17. g4 g5 18. Kg2 a5 19.
a4 Nd7 20. Be4 Nb8 21. Bd2 Bb4 22. Bxb4+ axb4 23. d5 cxd5 24. cxd5 Bd7 25. Rc1 Na6 26. Nd4 Rac8 27. Rxc8 Rxc8 28.
Bf5 Bxf5 29. Nxf5 Rd8 30. Rc2 Ke8 31. Re2+ Kf8 32. d6 Nc5 33. Rc2 Nxb3 34. Rc4 Ke8 35. Rxb4 Nc5 36. a5 Kd7 37.
Rc4 Kc6 38. Rb4 Ra8 39. Rb6+ Kd7 40. Nxh6 Rxa5 41. Nxf7 Ra6 42. Rb5 b6 43. h4 1/2-1/2

[Event "7° Rencontres Internationales des Echecs Francophones"]
[Site "PARIS, France"]
[Date "2019.08.11"]
[Round "8.5"]
[White "Bouget, Alexandre"]
[Black "Rakotomaharo, Fy Antenaina"]
[Result "1/2-1/2"]
[TimeControl "90'+ 30' + 30seconds/move"]
[WhiteTitle "FM"]
[BlackTitle "IM"]
[WhiteFideId "681318"]
[BlackFideId "13100050"]
[WhiteElo "2281"]
[BlackElo "2438"]

1. d4 Nf6 2. c4 g6 3. Nc3 d5 4. cxd5 Nxd5 5. e4 Nxc3 6. bxc3 Bg7 7. Ba3 Nd7 8. Qb3 c5 9. Rd1 Qa5 10.
Nf3 O-O 11. Be2 Nf6 12. e5 Be6 13. Qb2 Nd5 14. Bxc5 Nxc3 15. Qd2 b6 16. Rc1 bxc5 17. dxc5 Rab8 18. Bd3 Qxa2 19. Rxc3 Rb2 20.
Rc2 Rxc2 21. Qxc2 Qa1+ 22. Qb1 Qc3+ 23. Ke2 Bh6 24. Qc2 Qxc2+ 25. Bxc2 Rc8 26. Rd1 Rxc5 27. Rd8+ Kg7 28. Be4 Ra5 29.
Kd3 Ra3+ 30. Kd4 Ra2 31. Ra8 Bc1 32. Kd3 g5 33. Nd4 Bf4 34. Nxe6+ fxe6 35. Re8 Rd2+ 36. Kc4 Rd7 37. Bc6 Rc7 38.
Kb5 Bxe5 39. Rd8 h5 40. h3 Bd6 41. Rd7 a6+ 42. Kb6 Rc8 43. Ra7 Rf8 44. f3 Rf5 45. Rxa6 Rc5 46. Ra5 Rf5 47.
Rxf5 exf5 48. Be8 Kf6 49. Kc6 Ke5 50. Bxh5 Kf4 51. g4 fxg4 52. Bxg4 Ba3 53. Kd5 e5 54. Kc4 Be7 1/2-1/2

[Event "7° Rencontres Internationales des Echecs Francophones"]
[Site "PARIS, France"]
[Date "2019.08.11"]
[Round "8.8"]
[White "Shirazi, Kamran"]
[Black "Sim, Sylvain"]
[Result "1-0"]
[TimeControl "90'+ 30' + 30seconds/move"]
[WhiteTitle "IM"]
[BlackTitle "FM"]
[WhiteFideId "2000733"]
[BlackFideId "649970"]
[WhiteElo "2339"]
[BlackElo "2226"]

1. c4 Nf6 2. g3 e6 3.
Bg2 d5 4. Nf3 c6 5. b3 Bd6 6. O-O O-O 7. Bb2 Nbd7 8.
d3 Re8 9. Nc3 Qe7 10. Qc2 Ba3 11. Bxa3 Qxa3 12. cxd5 exd5 13. e4 dxe4 14. dxe4 Qc5 15. Ne1 Qh5 16. f3 Nf8 17. Nd3 Bh3 18.
Nf4 Qc5+ 19. Rf2 Bxg2 20. Kxg2 Ne6 21. Nxe6 Rxe6 22. Rd1 Qb6 23. Rfd2 Ree8 24. Na4 Qc7 25. Nc5 Qe7 26. Rd6 Rec8 27.
R6d4 g6 28. Qc3 b6 29. Na4 c5 30. Rd6 Rd8 31. Qd2 Rxd6 32. Qxd6 Re8 33. Nc3 Kg7 34. Nb5 Qxd6 35. Nxd6 Re7 36.
Kf2 a6 37. g4 h6 38. h4 Kf8 39. Nc8 Rd7 40. Rc1 b5 41. Rxc5 Rd2+ 42. Kg3 Rxa2 43. Rc6 Ne8 44. Nb6 Rb2 45.
Nd5 Kg7 46. b4 Ra2 47. g5 hxg5 48. hxg5 f6 49. gxf6+ 1-0